 Dungeon Crawl Stone Soup version 0.21.2 (webtiles) character file.

179 Delanovic the Cudgeler (level 5, -3/46 HPs)
             Began as a Hill Orc Fighter on Feb 17, 2019.
             Was an Initiate of the Shining One.
             Killed from afar by Sigmund (5 damage)
             ... with a puff of flame
             ... on level 3 of the Dungeon.
             The game lasted 00:05:30 (2467 turns).

Delanovic the Cudgeler (Hill Orc Fighter)           Turns: 2467, Time: 00:05:30

Health: -3/46      AC:  8    Str: 22 (24) XL:     5   Next: 59%
Magic:  5/5        EV:  7    Int:  8 (11) God:    the Shining One [......]
Gold:   79         SH:  9    Dex:  8 (11) Spells: 4/4 levels left

rFire    . . .     SeeInvis .   a - +0 flail
rCold    . . .     Gourm    .   c - +0 shield
rNeg     . . .     Faith    .   b - +0 scale mail
rPois    +         Spirit   .   m - +0 helmet {Int+3}
rElec    .         Reflect  .   (no cloak)
rCorr    .         Harm     .   (no gloves)
MR       .....                  (no boots)
Stlth    +.........             (no amulet)
HPRegen  0.15/turn              i - ring of poison resistance
MPRegen  0.09/turn              j - ring of stealth

@: mighty, flying, very slightly contaminated, glowing
A: no striking features
a: Renounce Religion


You were on level 3 of the Dungeon.
You worshipped the Shining One.
The Shining One was noncommittal.
You were not hungry.

You visited 1 branch of the dungeon, and saw 3 of its levels.

You collected 79 gold pieces.

Inventory:

Hand Weapons
 a - a +0 flail (weapon)
Armour
 b - a +0 scale mail (worn)
 c - a +0 shield (worn)
 m - a +0 helmet of intelligence (worn)
 q - a +1 helmet
Jewellery
 i - a ring of poison resistance (left hand)
 j - a ring of stealth (right hand)
Scrolls
 g - a scroll of fear {unknown}
 h - 3 scrolls of random uselessness {unknown}
 k - a scroll of identify {unknown}
 l - a scroll of teleportation {unknown}
 p - a scroll of magic mapping {unknown}
Comestibles
 f - 9 rations


   Skills:
 + Level 4.0 Fighting
 + Level 5.9 Maces & Flails
 - Level 3.3 Armour
 - Level 3.3 Shields


You had 4 spell levels left.
You didn't know any spells.

Dungeon Overview and Level Annotations

Branches:
Dungeon (3/15)

Altars:
The Shining One

Annotations:
D:3 Sigmund


Message History

You sock Ijyb!
Ijyb is heavily wounded.
Something hits you.
Ijyb zaps a wand.
You resist with some effort.
You sock Ijyb!
You kill Ijyb!
Your Fighting skill increases to level 4!
Something hits you!
* * * LOW HITPOINT WARNING * * *
A magic dart appears from out of thin air!
The magic dart hits you!
* * * LOW HITPOINT WARNING * * *
Blink to where?
Press: ? - help, Dir - move target cursor You are very lightly contaminated with residual magic.
As you read the scroll labeled PIACLEBB PACAO, it crumbles to dust.
It was a scroll of blinking.
Okay, then.
A puff of flame appears from out of thin air!
The puff of flame hits you!
You die...

.........#
.........#####
.>.......'...#
.........###.#
#.#+#.......<#.#
#.#.#.####..##.#
###.#.#.####..##.#
...........#..##.#
##............##@#
..............##.#
#............##.#
#............##.#
##.............#.#
............####.#
###(#######.{.ยง..#
....### ########
##....#


There were no monsters in sight!

Vanquished Creatures
  Ijyb (D:3)
  5 adders
  4 gnolls (D:2)
  An ooze (D:3)
  2 worms (D:2)
  A dart slug (D:2)
  6 giant cockroaches
  6 hobgoblins
  7 jackals
  2 quokkas (D:2)
  2 ball pythons
  7 bats
  5 frilled lizards
  5 goblins
  A kobold (D:1)
  7 rats
62 creatures vanquished.

Notes
Turn   | Place    | Note
-------+----------+-------------------------------------------
     0 | D:1      | Delanovic the Hill Orc Fighter began the quest for the Orb.
     0 | D:1      | Reached XP level 1. HP: 19/19 MP: 1/1
   214 | D:1      | Reached XP level 2. HP: 25/27 MP: 2/2
   313 | D:1      | Reached skill level 3 in Maces & Flails
  1209 | D:2      | Reached XP level 3. HP: 27/33 MP: 3/3
  1262 | D:2      | Reached skill level 4 in Maces & Flails
  1464 | D:2      | Reached XP level 4. HP: 17/40 MP: 4/4
  1773 | D:2      | Reached skill level 5 in Maces & Flails
  1829 | D:2      | Reached XP level 5. HP: 18/46 MP: 5/5
  2019 | D:2      | Found a glowing golden altar of the Shining One.
  2065 | D:2      | Became a worshipper of the Shining One
  2410 | D:3      | Noticed Ijyb
  2416 | D:3      | Noticed Sigmund
  2460 | D:3      | Killed Ijyb
  2461 | D:3      | HP: 1/46 [something/magic dart (7)]
  2467 | D:3      | Killed from afar by Sigmund

Skill      XL: |  1  2  3  4  5 |
---------------+----------------+-----
Maces & Flails | 3 4 5 |  5.9
Fighting       | 4 |  4.0
Armour         | |  3.3
Shields        | |  3.3

Action                   |  1- 3 |  4- 6 || total
-------------------------+-------+-------++-------
Melee: Flail             |   138 |    98 ||   236
  Use: Potion            |       |     3 ||     3
       Scroll            |       |     1 ||     1
  Eat: Chunk             |     2 |     3 ||     5
Armor: Scale mail        |    96 |    64 ||   160
Dodge: Dodged            |    50 |    47 ||    97
Block: Shield            |    97 |    59 ||   156
